 Dungeon Crawl Stone Soup version 0.27.1-34-g3ba077fa99 (webtiles) character file.

Game seed: 17465766655430151202

189 cbfl8 the Shield-Bearer (level 5, 0/46 HPs)
             Began as a Minotaur Fighter on Jan 25, 2022.
             Succumbed to a goblin's poison
             ... on level 3 of the Dungeon.
             The game lasted 00:05:48 (2272 turns).

cbfl8 the Shield-Bearer (Minotaur Fighter)          Turns: 2272, Time: 00:05:48

Health: 0/46       AC: 12    Str: 19 (22) XL:     5   Next: 40%
Magic:  4/4        EV:  8    Int:  2 (5)  God:
Gold:   99         SH:  9    Dex:  7 (9)  Spells: 4/4 levels left

rFire    + . .     SeeInvis +   i - +1 scimitar (flame)
rCold    x . .     Faith    .   c - +0 kite shield
rNeg     . . .     Spirit   .   m - +3 scale mail
rPois    .         Reflect  .   (helmet restricted)
rElec    .         Harm     .   (no cloak)
rCorr    .         Rampage  .   r - +0 pair of gloves
Will     .....                  s - +0 pair of boots
Stlth    ..........             (no amulet)
HPRegen  0.15/turn              e - ring of see invisible
MPRegen  0.09/turn              n - ring of fire

@: lethally poisoned (0 -> -11)
A: horns 2, retaliatory headbutt
a: no special abilities


You were on level 3 of the Dungeon.
You visited 1 branch of the dungeon, and saw 3 of its levels.

You collected 99 gold pieces.

Inventory:

Hand Weapons
 a - a +0 war axe
 i - a +1 scimitar of flaming (weapon)
 k - a +4 rapier
Missiles
 p - 20 poisoned darts (quivered)
Armour
 b - a +0 scale mail
 c - a +0 kite shield (worn)
 m - a +3 scale mail (worn)
 r - a +0 pair of gloves (worn)
 s - a +0 pair of boots (worn)
Jewellery
 e - a ring of see invisible (left hand)
 n - a ring of fire (right hand)
 q - a ring of resist corrosion
Wands
 j - a wand of mindburst (15)
Scrolls
 f - 2 scrolls of teleportation {unknown}
 l - a scroll of acquirement {unknown}
 o - a scroll of holy word {unknown}


   Skills:
 + Level 4.2 Fighting
 + Level 0.2(0.9) Short Blades
 + Level 1.6 Long Blades
 + Level 3.4 Axes
 + Level 4.5 Armour
 + Level 2.0 Dodging
 + Level 5.0 Shields


You had 4 spell levels left.
You didn't know any spells.
Your spell library was empty.

Dungeon Overview and Level Annotations

Branches:
Dungeon (3/15)

Altars:


Innate Abilities, Weirdness & Mutations

You have a pair of horns on your head.
You reflexively headbutt those who attack you in melee.


Message History

You block the goblin's attack.
You closely miss the goblin.
* * * LOW HITPOINT WARNING * * *
You feel very sick. You block the goblin's attack.
The goblin hits you with a +2 dagger of venom.
* * * LOW HITPOINT WARNING * * *
You closely miss the goblin.
* * * LOW HITPOINT WARNING * * *
You feel very sick. The goblin hits you but does no damage.
You are more poisoned.
It was a potion of heal wounds.
You feel much better.
You feel very sick. The goblin hits you but does no damage.
You barely miss the goblin.
You feel very sick.
The goblin hits you with a +2 dagger of venom.
You are lethally poisoned!
You block the goblin's attack.
You miss the goblin.
* * * LOW HITPOINT WARNING * * *
You feel extremely sick. The goblin hits you but does no damage.
You are more poisoned.
You slash the goblin! You burn the goblin.
You kill the goblin!
* * * LOW HITPOINT WARNING * * *
You feel very sick.
There is a lethal amount of poison in your body!
There is a lethal amount of poison in your body!
There is a lethal amount of poison in your body!
There is a lethal amount of poison in your body!
It was a potion of degeneration.
There was something very wrong with that liquid.
You feel weakened.
You feel dopey.
You feel clumsy.
* * * LOW HITPOINT WARNING * * *
You feel very sick.
It was a potion of cancellation.
You feel magically purged.
You die...

#.####.#...#
#.#..#.#...#
#.#..#.#)..#
#.#(.#.#...#
#.#..#.#...#
#######.##.#.#...#
................)##
.............)..@>#
##########....^...#
#........# ##
...........# .#
####.......# .###
#.......# ...###+##
#.......#
##†.....###.......#
.##.†.<.......


There were no monsters in sight!

Vanquished Creatures
  The ghost of growler the Gusty, an amateur TeAE (D:3)
  A centaur simulacrum (D:3)
  A scorpion simulacrum (D:3)
  3 adders
  A dart slug (D:2)
  2 adder simulacra (D:3)
  2 ball pythons
  4 endoplasms
  6 giant cockroaches
  4 goblins
  7 hobgoblins
  4 kobolds
  2 quokkas
  A ball python simulacrum (D:3)
  8 bats
  A frilled lizard (D:1)
  A quokka simulacrum (D:3)
  8 rats
57 creatures vanquished.

Notes
Turn   | Place    | Note
-------+----------+-------------------------------------------
     0 | D:1      | cbfl8 the Minotaur Fighter began the quest for the Orb.
     0 | D:1      | Reached XP level 1. HP: 19/19 MP: 0/0
   219 | D:1      | Reached XP level 2. HP: 27/27 MP: 1/1
   348 | D:1      | Reached skill level 4 in Shields
   873 | D:2      | Reached XP level 3. HP: 33/33 MP: 2/2
  1124 | D:2      | Found a faded altar of an unknown god.
  1513 | D:3      | Reached XP level 4. HP: 30/40 MP: 3/3
  1599 | D:3      | Found a runed translucent gate.
  1599 | D:3      | Found a runed translucent gate.
  1599 | D:3      | Found a runed translucent gate.
  1668 | D:3      | Noticed growler's ghost (amateur TeAE)
  1735 | D:3      | Reached skill level 1 in Dodging
  1738 | D:3      | Reached skill level 1 in Long Blades
  1754 | D:3      | Killed growler's ghost
  1755 | D:3      | Reached skill level 5 in Shields
  1755 | D:3      | Reached XP level 5. HP: 26/46 MP: 4/4
  2266 | D:3      | HP: 2/46 [poisoned by a goblin]
  2272 | D:3      | Succumbed to a goblin's poison

Illustrated notes

Levels and vault maps discovered:
D:1:      dpeg_arrival_rooms_with_view, layout_basic
D:2:      layout_rooms, basic_ecumenical_altar
D:3:      layout_basic, gammafunk_ghost_icy

Skill      XL: |  1  2  3  4 |
---------------+-------------+-----
Shields        | 4 5 |  5.0
Armour         | 4 |  4.5
Fighting       | 4 |  4.2
Axes           | 3 |  3.4
Dodging        | 2 |  2.0
Long Blades    | 1 |  1.6
Short Blades   | |  0.2

Action                   |  1- 3 |  4- 6 || total
-------------------------+-------+-------++-------
Melee: War axe           |    79 |       ||    79
       Headbutt          |     8 |     4 ||    12
       Rapier            |    10 |     8 ||    18
       Scimitar          |     3 |    30 ||    33
  Use: Potion            |       |     7 ||     7
Armor: Scale mail        |    60 |    20 ||    80
       Skin              |       |     4 ||     4
Dodge: Dodged            |    40 |    10 ||    50
Block: Kite shield       |    63 |    22 ||    85
       Rpst.: Scimitar   |       |     1 ||     1
